 Dungeon Crawl Stone Soup version 0.31.0-12-g77e489cdc1 (webtiles) character file.

Game seed: 13408715443175870685

95 Gadfly the Insei (level 4, -2/35 HPs)
             Began as a Demonspawn Monk on Mar 1, 2024.
             Killed by divine providence
             ... invoked by an orc priest
              (11 damage)
             ... on level 3 of the Dungeon.
             The game lasted 00:01:32 (2013 turns).

Gadfly the Insei (Demonspawn Monk)                  Turns: 2013, Time: 00:01:32

Health: -2/35      AC:  2    Str: 12 (14) XL:     4   Next: 39%
Magic:  4/4        EV: 13    Int:  7 (10) God:
Gold:   122        SH:  0    Dex: 14 (15) Spells: 3/3 levels left

rFire   . .          .
                       - Unarmed
rCold   . . .        c - orb {light}
rNeg    . . .        a - +0 robe
rPois   .            (no helmet)
rElec   .            (no cloak)
rCorr   .            (no gloves)
SInv    .            (no boots)
Will    .....        (no amulet)
Stlth   +            (no ring)
HPRegen 0.25/turn    (no ring)
MPRegen 0.09/turn

%: no passive effects
@: glowing
A: spiny 1
a: no special abilities


You were on level 3 of the Dungeon.
You visited 1 branch of the dungeon, and saw 3 of its levels.

You collected 122 gold pieces.

Inventory:

Armour
 a - a +0 robe (worn)
 c - an orb of light (worn)
Scrolls
 d - a scroll of teleportation
 f - a scroll of identify {unknown}
 g - a scroll of blinking {unknown}
Potions
 b - a potion of ambrosia
 e - a potion of berserk rage {unknown}
 i - a potion of might {unknown}


   Skills:
 - Level 3.0 Fighting
 + Level 3.1 Dodging
 * Level 3.3 Unarmed Combat
 * Level 2.0 Evocations
 * Level 1.4 Shapeshifting


You had 3 spell levels left.
You didn't know any spells.
Your spell library was empty.

Dungeon Overview and Level Annotations

Branches:
Dungeon (3/15)

Altars:
Sif Muna

Shops:
D:1 :


Innate Abilities, Weirdness & Mutations

You are partially covered in sharp spines.


Message History

You are too injured to fight recklessly!
You are too injured to fight recklessly!
You are too injured to fight recklessly!
You are too injured to fight recklessly!
You are too injured to fight recklessly!
You are too injured to fight recklessly!
You are too injured to fight recklessly!
You are too injured to fight recklessly!
You are too injured to fight recklessly!
You are too injured to fight recklessly!
You are too injured to fight recklessly!
Unknown command.
You are too injured to fight recklessly!
You are too injured to fight recklessly!
Unknown command.
The orc attacks as it pursues you! The orc completely misses you.
The orc priest looks satisfied for a moment.
You hit the orc but do no damage. You completely miss the orc. You hit the orc.
The orc is severely wounded.
You hit the orc.
The orc is almost dead.
The orc hits you with a +0 hand axe. The orc is struck by your spines.
You kill the orc!
You barely miss the orc. The orc is struck by your spines.
You kill the orc!
The orc closely misses you.
You hit the orc.
The orc is heavily wounded.
The orc is struck by your spines. The orc hits you with a +0 hand axe.
* * * LOW HITPOINT WARNING * * *
You barely miss the orc.
The orc is heavily wounded.
The orc barely misses you.
You hit the orc.
The orc is severely wounded.
The orc priest calls down the wrath of Beogh upon you.
Beogh smites you!
You die...

#...#.... ..
#.......###..
###............
.........!....
........... #... ...
.#######)##.###..#
.........@oo.....# #
######†###......'
##.######.###.####.'
#..............#
#.......#.##.[.#
#..####.#.##...#
#...............#
#..###...........
#..###..###..)#..


You could see an orc priest and an orc.

Vanquished Creatures
  3 adders
  A ribbon worm (D:3)
  2 orcs (D:3)
  3 ball pythons
  6 bats
  5 endoplasms
  4 giant cockroaches
  3 goblins (D:1)
  6 hobgoblins
  3 jackals (D:1)
  3 kobolds
  6 quokkas
  7 frilled lizards
  6 rats
58 creatures vanquished.

Notes
Turn   | Place    | Note
-------+----------+-------------------------------------------
     0 | D:1      | Gadfly the Demonspawn Monk began the quest for the Orb.
     0 | D:1      | Reached XP level 1. HP: 18/18 MP: 1/1
   151 | D:1      | Gained mutation: You are partially covered in sharp spines.
                  | [demonic ancestry]
   151 | D:1      | Reached XP level 2. HP: 24/24 MP: 2/2
   291 | D:1      | Reached skill level 1 in Evocations
   353 | D:1      | Found Ques's Book Boutique.
   412 | D:1      | Reached XP level 3. HP: 28/29 MP: 3/3
   413 | D:1      | Reached skill level 1 in Shapeshifting
   643 | D:1      | Found a faded altar of an unknown god.
  1300 | D:2      | Found a shimmering blue altar of Sif Muna.
  1426 | D:2      | Reached XP level 4. HP: 33/35 MP: 4/4
  2013 | D:3      | Killed from afar by an orc priest

Illustrated notes

Levels and vault maps discovered:
D:1:      wheals_arrival_linesprint, layout_basic,
          hellmonk_ecumenical_altar_run_dry, serial_shops,
          nicolae_shop_back_alley_shop, minmay_misc_feat_ornament
D:2:      layout_basic, basic_altar, hex_tiny, minivault_4,
          corexii_leaking_fountain
D:3:      kennysheep_big_flooded_room, layout_basic

Skill      XL: |  1  2  3  4 |
---------------+-------------+-----
Evocations     | 1 2 |  2.0
Unarmed Combat | 3 |  3.3
Shapeshifting  | 1 |  1.4
Dodging        | 3 |  3.1
Fighting       | |  3.0

Action                     |  1- 3 |  4- 6 || total
---------------------------+-------+-------++-------
  Melee: Unarmed           |    94 |    31 ||   125
    Use: Scroll            |       |     3 ||     3
         Potion            |       |     1 ||     1
 Armour: Robe              |    35 |    12 ||    47
  Dodge: Dodged            |    57 |    18 ||    75
